 Dungeon Crawl Stone Soup version 0.29-a0-551-gffc1d7fb78 (webtiles) character file.

Game seed: 17327889152110499717

17 shadowstone the Shield-Bearer (level 2, -3/28 HPs)
             Began as a Gargoyle Fighter on June 5, 2022.
             Slain by Sigmund
             ... wielding a +2 scythe of venom
              (7 damage)
             ... on level 2 of the Dungeon.
             The game lasted 00:02:30 (1076 turns).

shadowstone the Shield-Bearer (Gargoyle Fighter)    Turns: 1076, Time: 00:02:30

Health: -3/28      AC: 21    Str: 19    XL:     2   Next: 62%
Magic:  2/2        EV:  2    Int:  8    God:
Gold:   28         SH:  4    Dex:  9    Spells: 1/1 levels left

rFire   . . .      SeeInvis .   a - +0 long sword
rCold   . . .      Faith    .   c - +0 buckler
rNeg    + . .      Spirit   .   (body armour currently unavailable)
rPois   ∞          Reflect  .   (helmet currently unavailable)
rElec   .          Harm     .   (cloak currently unavailable)
rCorr   .          Rampage  .   (gloves currently unavailable)
Will    .....      NoTele   +   (boots currently unavailable)
Stlth   +.........              (no amulet)
HPRegen 0.09/turn               (no ring)
MPRegen 0.08/turn               (no ring)

@: tree-form
A: stationary, stasis, torment immunity, boosted hp, sickness immunity, AC +2,
negative energy resistance 1, (electricity resistance), torment resistance 1,
petrification resistance
a: no special abilities


You were on level 2 of the Dungeon.
You were a tree.
You visited 1 branch of the dungeon, and saw 2 of its levels.

You collected 28 gold pieces.

Inventory:

Hand Weapons
 a - a +0 long sword (weapon)
Armour
 b - a +0 scale mail (melded)
 c - a +0 buckler (worn)
Scrolls
 e - a scroll of blinking {unknown}
 g - a scroll of identify {unknown}
Potions
 d - a potion of might


   Skills:
 + Level 3.5 Fighting
 + Level 1.9 Long Blades
 + Level 3.5 Armour
 + Level 0.2 Dodging
 + Level 3.6 Shields


You had one spell level left.
You didn't know any spells.
Your spell library was empty.

Dungeon Overview and Level Annotations

Branches:
Dungeon (2/15)

Altars:

Annotations:
D:2 Sigmund


Innate Abilities, Weirdness & Mutations

You are a tree.
Your roots penetrate the ground, keeping you stationary.
You cannot be teleported.
You are immune to unholy pain and torment.
Your maximum health is greatly increased.
Your equipment is partially melded.
You are immune to sickness and miasma.
((Your stone body is resilient. (AC +2)))
You are immune to poison.
You resist negative energy. (rN+)
((You are resistant to electric shocks. (rElec)))
You are resistant to unholy torment.
You are immune to petrification.


Message History

The quokka bites you but does no damage.
Sigmund barely misses you.
The quokka bites you but does no damage.
You hit the quokka.
The quokka is heavily wounded.
The quokka bites you but does no damage.
Sigmund hits you from afar with a +2 scythe of venom!
Ouch! That really hurt!
The quokka bites you but does no damage.
You barely miss the quokka.
The quokka is heavily wounded.
The quokka bites you but does no damage.
Sigmund hits you but does no damage.
You barely miss the quokka.
The quokka is heavily wounded.
The quokka bites you but does no damage.
You block Sigmund's attack.
The quokka bites you but does no damage.
You closely miss the quokka.
The quokka is heavily wounded.
You block the quokka's attack.
Sigmund hits you from afar with a +2 scythe of venom!
* * * LOW HITPOINT WARNING * * *
You completely miss the quokka.
The quokka is heavily wounded.
You block the quokka's attack.
The quokka bites you but does no damage.
You block Sigmund's attack.
You slash the quokka!
You kill the quokka!
Sigmund is nearby!
Sigmund is nearby!
Sigmund is nearby!
Sigmund is nearby!
Sigmund is nearby!
It was a potion of lignification.
You turn into a tree.
Your +0 scale mail melds into your body.
Your roots penetrate the ground.
Sigmund hits you from afar with a +2 scythe of venom!
You die...

#.# #.#
####.##
#.....#
#.....#
#...@.#
#.....+
#.<.♣.#
#..(..#
#######


You could see Sigmund.

Vanquished Creatures
  2 bats (D:1)
  5 endoplasms (D:1)
  3 hobgoblins (D:1)
  A quokka (D:2)
  2 ball pythons (D:1)
  A rat (D:1)
14 creatures vanquished.

Notes
Turn   | Place    | Note
-------+----------+-------------------------------------------
     0 | D:1      | shadowstone the Gargoyle Fighter began the quest for the
                  | Orb.
     0 | D:1      | Reached XP level 1. HP: 14/14 MP: 1/1
   543 | D:1      | Reached XP level 2. HP: 16/19 MP: 2/2
  1067 | D:2      | Noticed Sigmund
  1076 | D:2      | Slain by Sigmund

Illustrated notes

Levels and vault maps discovered:
D:1:      dpeg_arrival_more_subterranean_lakeside_camping, layout_rooms,
          hellmonk_ecumenical_altar_pennies_from_heaven, minmay_distorted
D:2:      layout_basic, uniq_sigmund

Action                   || total
-------------------------++-------
Melee: Long sword        ||    57
  Use: Scroll            ||     1
       Potion            ||     1
Armor: Scale mail        ||    83
Dodge: Dodged            ||    88
Block: Buckler           ||    30

Table legend: (Time is in decaauts)
 A = Elapsed time spent in this place.
 B = Non-inter-level travel time spent in this place.
 C = Inter-level travel time spent in this place.
 D = Time resting spent in this place.
 E = Time spent auto-exploring this place.
 F = Levels seen in this place.
 G = Mean time per level.
                   A        B        C        D        E       F      G
               +--------+--------+--------+--------+--------+-----+--------+
         Total |   1107 |   1107 |      0 |    560 |      0 |   2 |  553.5 |
       Dungeon |   1107 |   1107 |      0 |    560 |      0 |   2 |  553.5 |
               +--------+--------+--------+--------+--------+-----+--------+

Top non-repeatable levels by time:
     D:1: 1096 daAuts
     D:2: 10 daAuts
